 Dungeon Crawl Stone Soup version 0.28-a0-1190-g77e1c55843 (webtiles) character file.

Game seed: 2031895933667289644

1320 Garessta the Destroyer (level 8, -4/53 HPs)
             Began as a Demonspawn Conjurer on Dec 18, 2021.
             Slain by a shadow (29 damage)
             ... on level 6 of the Dungeon.
             The game lasted 00:14:07 (7133 turns).

Garessta the Destroyer (Demonspawn Conjurer)        Turns: 7133, Time: 00:14:09

Health: -4/53      AC:  5    Str:  9    XL:     8   Next: 33%
Magic:  0/16       EV: 12    Int: 21    God:
Gold:   264        SH:  4    Dex: 11    Spells: 10/17 levels left

rFire   . . .      SeeInvis .   s - +4 quarterstaff (chaos)
rCold   . . .      Faith    .   (shield currently unavailable)
rNeg    . . .      Spirit   +   a - +0 robe
rPois   .          Reflect  .   (no helmet)
rElec   .          Harm     .   q - +1 cloak
rCorr   .          Rampage  .   (no gloves)
Will    .....                   (no boots)
Stlth   ++........              r - amulet of guardian spirit
HPRegen 0.17/turn               m - +4 ring of slaying
MPRegen 0.15/turn               (no ring)

@: no status effects
A: hooves 1, rugged brown scales 1, condensation shield, demonic magic 1
a: no special abilities


You were on level 6 of the Dungeon.
You visited 1 branch of the dungeon, and saw 6 of its levels.

You collected 306 gold pieces.
You spent 42 gold pieces at shops.

Inventory:

Hand Weapons
 g - a +0 morningstar
 s - a +4 quarterstaff of chaos (weapon)
Armour
 a - a +0 robe (worn)
 q - a +1 cloak (worn)
Jewellery
 m - a +4 ring of slaying (left hand)
 r - an amulet of guardian spirit (around neck)
Scrolls
 c - a scroll of enchant armour {unknown}
 d - a scroll of silence {unknown}
 e - a scroll of blinking {unknown}
 n - a scroll of magic mapping {unknown}
 p - a scroll of holy word {unknown}
 u - a scroll of vulnerability {unknown}
Potions
 b - a potion of resistance
 f - 6 potions of curing
 h - 2 potions of attraction
 i - a potion of lignification {unknown}
 j - 3 potions of heal wounds
 k - 3 potions of brilliance
 l - a potion of magic {unknown}
 o - a potion of might {unknown}
 t - a potion of berserk rage {unknown}


   Skills:
 - Level 0.1 Fighting
 - Level 1.7 Dodging
 - Level 1.7 Stealth
 + Level 5.4 Spellcasting
 * Level 9.4 Conjurations


You had 10 spell levels left.
You knew the following spells:

 Your Spells              Type           Power      Damage    Failure   Level
a - Magic Dart            Conj           100%       1d8       1%          1
b - Searing Ray           Conj           90%        2d7       1%          2
c - Iskenderun's Mystic   Conj/Tloc      25%        2d7       14%         4

Your spell library contained the following spells:

 Spells                   Type           Power      Damage    Failure   Level
 Dazzling Flash           Conj/Hex       50%        N/A       4%          3
 Fulminant Prism          Conj/Hex       12%        3d9       14%         4


Dungeon Overview and Level Annotations

Branches:
Dungeon (6/15)
 Temple: D:4-7

Altars:
Makhleb

Shops:
D:2 !


Innate Abilities, Weirdness & Mutations

You have large cloven feet.
You are partially covered in rugged brown scales. (AC +1, +3% HP)
A meltable shield of frost defends you. (SH +4)
Spells you cast may paralyse adjacent enemies.


Message History

Casting: Searing Ray (safe; 1% risk of failure)
Confirm with . or Enter, or press ? or * to list all spells.
Aiming: Searing Ray (safe; 1% risk of failure)
Press: ? - help, Shift-Dir - straight line, f/p - shadow
Aim: a shadow (heavily damaged, 82% to hit)
The searing ray hits the shadow!
The shadow is almost destroyed. (Press . to maintain the ray.) Malevolent energies surge around you.
The shadow hits you!
The searing ray hits the shadow.
The shadow is almost destroyed.
The shadow hits you.
The searing ray hits the shadow but does no damage.
The shadow is almost destroyed.
The shadow barely misses you.
The searing ray misses the shadow.
You finish channelling your searing ray.
The shadow barely misses you.
Casting: Searing Ray (safe; 1% risk of failure)
Confirm with . or Enter, or press ? or * to list all spells.
Aiming: Searing Ray (safe; 1% risk of failure)
Press: ? - help, Shift-Dir - straight line, f/p - shadow
Aim: a shadow (almost destroyed, 82% to hit)
The searing ray misses the shadow. (Press . to maintain the ray.) Malevolent energies surge around you.
The shadow slips into darkness.
The shadow flickers and vanishes!
Deactivating autopickup; reactivate with Ctrl-A.
You closely miss something.
The shadow strikes at you from the darkness!
Reactivating autopickup.
You hit the shadow but do no damage. Your kick misses the shadow.
The shadow is almost destroyed.
The shadow slips into darkness.
The shadow flickers and vanishes!
Deactivating autopickup; reactivate with Ctrl-A.
The shadow strikes at you from the darkness!
Ouch! That really hurt!
You die...

##### ##...##
##.@...##
#..{....#
#..†....#
#.......###
##.........
#.!...##.#
..D............
...O#.......##.
... #.......#


There were no monsters in sight!

Vanquished Creatures
  A steam dragon (D:6)
  A water moccasin (D:5)
  2 sky beasts (D:5)
  An orc warrior (D:5)
  An ogre (D:5)
  2 scorpions
  A water moccasin zombie (D:4)
  A centaur zombie (D:5)
  A bullfrog zombie (D:5)
  2 jellies
  2 hounds
  2 orc priests (D:5)
  Crazy Yiuf (D:4)
  Natasha (thrice) (D:3)
  An orc wizard (D:5)
  A hound zombie (D:5)
  4 gnolls (D:4)
  4 adders
  A howler monkey skeleton (D:4)
  An ufetubus (D:4)
  An adder skeleton (D:4)
  2 worms
  A dart slug (D:1)
  11 orcs (D:5)
  5 endoplasms
  4 giant cockroaches
  2 goblins (D:3)
  7 hobgoblins
  3 jackals (D:1)
  2 quokkas
  12 ball pythons
  7 bats
  4 frilled lizards
  4 kobolds (D:3)
  3 rats
101 creatures vanquished.

Vanquished Creatures (others)
  An ogre (D:6)
  A centaur zombie (D:6)
2 creatures vanquished.

Grand Total: 103 creatures vanquished

Notes
Turn   | Place    | Note
-------+----------+-------------------------------------------
     0 | D:1      | Garessta the Demonspawn Conjurer began the quest for the
                  | Orb.
     0 | D:1      | Reached XP level 1. HP: 13/13 MP: 3/3
   369 | D:1      | Gained mutation: Spells you cast may paralyse adjacent
                  | enemies. [demonic ancestry]
   369 | D:1      | Reached XP level 2. HP: 12/19 MP: 0/5
   726 | D:1      | Found a faded altar of an unknown god.
   771 | D:1      | Learned a level 2 spell: Searing Ray
  1345 | D:2      | Found Oxoll's Distillery.
  1352 | D:2      | Bought a potion of curing for 42 gold pieces
  1467 | D:2      | Gained mutation: You have large cloven feet. [demonic
                  | ancestry]
  1467 | D:2      | Reached XP level 3. HP: 24/24 MP: 0/6
  1716 | D:3      | Reached skill level 5 in Conjurations
  1828 | D:3      | Noticed Natasha
  1833 | D:3      | Killed Natasha
  1902 | D:3      | Noticed Natasha
  1906 | D:3      | Killed Natasha
  1907 | D:3      | Gained mutation: You are partially covered in rugged brown
                  | scales. (AC +1, +3% HP) [demonic ancestry]
  1907 | D:3      | Reached XP level 4. HP: 19/30 MP: 1/7
  2110 | D:3      | Noticed Natasha
  2116 | D:3      | Killed Natasha
  2257 | D:3      | Reached XP level 5. HP: 32/36 MP: 3/9
  2510 | D:3      | Reached skill level 6 in Conjurations
  3019 | D:4      | Learned a level 4 spell: Iskenderun's Mystic Blast
  3188 | D:4      | Gained mutation: A meltable shield of frost defends you.
                  | (SH +4) [demonic ancestry]
  3188 | D:4      | Reached XP level 6. HP: 27/42 MP: 0/11
  3860 | D:4      | Found a runed translucent door.
  3861 | D:4      | Noticed Crazy Yiuf
  4180 | D:4      | Killed Crazy Yiuf
  4299 | D:5      | Entered Level 5 of the Dungeon
  4504 | D:5      | Reached skill level 7 in Conjurations
  4745 | D:5      | Found a burning altar of Makhleb.
  4890 | D:5      | Reached XP level 7. HP: 46/47 MP: 1/13
  5959 | D:5      | Reached skill level 8 in Conjurations
  6337 | D:6      | Noticed a steam dragon
  6341 | D:6      | Reached skill level 5 in Spellcasting
  6341 | D:6      | Reached XP level 8. HP: 49/53 MP: 4/15
  6617 | D:5      | Reached skill level 9 in Conjurations
  7133 | D:6      | Slain by a shadow

Illustrated notes

Levels and vault maps discovered:
D:1:      arrival_zaba_pyramid, layout_rooms, ebering_ecumenical_altar_rust
D:2:      layout_rooms, serial_shops, nicolae_shop_stone
D:3:      layout_rooms, minmay_ruptured, uniq_natasha
D:4:      layout_basic, uniq_crazy_yiuf_cottage
D:5:      layout_layer_cave, amcnicky_altar_gilded, kennysheep_generic_room_13
D:6:      layout_rooms, minmay_temple_entry_proselytizer

Skill      XL: |  1  2  3  4  5  6  7  8 |
---------------+-------------------------+-----
Conjurations   | 5 6 7 8 9 |  9.4
Spellcasting   | 3 4 5 |  5.4
Fighting       | |  0.1
Dodging        | |  1.7
Stealth        | |  1.7

Action                   |  1- 3 |  4- 6 |  7- 9 || total
-------------------------+-------+-------+-------++-------
Melee: Unarmed           |    13 |       |       ||    13
       Morningstar       |     4 |     4 |       ||     8
       Kick              |       |     3 |     1 ||     4
       Quarterstaff      |       |     8 |    12 ||    20
 Cast: Magic Dart        |    61 |    29 |    17 ||   107
       Searing Ray       |     5 |    37 |    20 ||    62
       Iskenderun's Myst |       |     1 |     3 ||     4
  Use: Scroll            |       |     4 |       ||     4
       Potion            |       |       |     1 ||     1
 Stab: Paralysed         |       |       |     4 ||     4
Armor: Robe              |     8 |     7 |     9 ||    24
Dodge: Dodged            |    17 |    14 |    18 ||    49
Block: Other             |       |     3 |     1 ||     4

Table legend: (Time is in decaauts)
 A = Elapsed time spent in this place.
 B = Non-inter-level travel time spent in this place.
 C = Inter-level travel time spent in this place.
 D = Time resting spent in this place.
 E = Time spent auto-exploring this place.
 F = Levels seen in this place.
 G = Mean time per level.
                   A        B        C        D        E       F      G
               +--------+--------+--------+--------+--------+-----+--------+
         Total |   7146 |   6795 |    351 |    481 |   5616 |   6 | 1191.0 |
       Dungeon |   7146 |   6795 |    351 |    481 |   5616 |   6 | 1191.0 |
               +--------+--------+--------+--------+--------+-----+--------+

Top non-repeatable levels by time:
     D:5: 2682 daAuts
     D:4: 1384 daAuts
     D:3: 1247 daAuts
     D:1: 1020 daAuts
     D:2: 650 daAuts
     D:6: 161 daAuts
